 Dungeon Crawl Stone Soup version 0.29.0-4-gdea44cf6ec (webtiles) character file.

Game seed: 10664642292700702410

87 qw the Sneak (level 4, -1/28 HPs)
             Began as a Gargoyle Delver on Sept 10, 2022.
             Slain by an orc warrior
             ... wielding a +0 glaive
              (12 damage)
             ... on level 5 of the Dungeon.
             The game lasted 00:00:06 (734 turns).

qw the Sneak (Gargoyle Delver)                       Turns: 734, Time: 00:00:06

Health: -1/28      AC:  6    Str: 17    XL:     4   Next: 51%
Magic:  4/4        EV: 11    Int: 11    God:
Gold:   12         SH:  0    Dex: 11    Spells: 3/3 levels left

rFire   . . .      SeeInvis .   a - +0 hand axe
rCold   . . .      Faith    .   (no shield)
rNeg    + . .      Spirit   .   b - +0 leather armour
rPois   inf        Reflect  .   (no helmet)
rElec   +          Harm     .   (no cloak)
rCorr   .          Rampage  .   (no gloves)
Will    .....                   (no boots)
Stlth   +++.......              (no amulet)
HPRegen 0.09/turn               (no ring)
MPRegen 0.09/turn               (no ring)

@: no status effects
A: sickness immunity, AC +3, negative energy resistance 1, electricity
resistance, torment resistance 1, petrification resistance
a: no special abilities


You were on level 5 of the Dungeon.
You visited 1 branch of the dungeon, and saw 1 of its levels.

You collected 12 gold pieces.


Innate Abilities, Weirdness & Mutations

You are immune to sickness and miasma.
Your stone body is resilient. (AC +3)
You are immune to poison.
You resist negative energy. (rN+)
You are resistant to electric shocks. (rElec)
You are resistant to unholy torment.
You are immune to petrification.


   Skills:
 - Level 3.2 Fighting
 + Level 4.2 Axes
 - Level 1.5 Dodging
 - Level 5.4 Stealth


You had 3 spell levels left.
You didn't know any spells.
Your spell library was empty.

Inventory:

Hand Weapons
 a - a +0 hand axe (weapon)
Armour
 b - a +0 leather armour (worn)
Wands
 g - a wand of digging (3)
Scrolls
 c - a scroll of fog
 d - a scroll of magic mapping
 e - a scroll of fear
Potions
 f - a potion of haste
 h - a potion of cancellation {unknown}

Dungeon Overview and Level Annotations

Branches:
Dungeon (5/15)
 Temple: D:4-7

Altars:


Message History

The jelly hits you but does no damage.
You hit the jelly.
Your hands burn!
The jelly is almost dead.
The jelly completely misses you.
You slash the jelly!
You kill the jelly!
Your Axes skill increases to level 4!
You have reached level 4!
You feel clever.
You start resting.
You hear the brisk rusting of a very distant drain.
You hear the quick rusting of a very distant drain. x2
You hear the rapid rusting of a very distant drain.
HP restored.
An orc warrior comes into view. It is wielding a +0 glaive.
Found a trident.
You see here a scroll labelled JUUDAVV BOAXT.
526 ||| Stepping ~*~*~tactically~*~*~ (hiding).
You start waiting.
You hear the rapid rusting of a very distant drain. x3
You hear the drain falling apart.
Done waiting.
You see here a scroll labelled JUUDAVV BOAXT.
628 ||| Stepping ~*~*~tactically~*~*~ (hiding).
You start waiting.
The walls and floor vibrate strangely for a moment.
Done waiting.
The orc warrior shouts!
You hear a shout!
An orc comes into view. It is wielding a +0 mace.
An orc comes into view. It is wielding a +0 dagger.
You see here a scroll labelled JUUDAVV BOAXT.
The orc warrior hits you from afar with a +0 glaive!!
Ouch! That really hurt!
Found a scroll labelled JUUDAVV BOAXT.
The orc warrior closely misses you.
You barely miss the orc warrior. The orc warrior barely misses you.
You hit the orc warrior but do no damage.
The orc warrior closely misses you.
You barely miss the orc warrior.
The orc warrior hits you with a +0 glaive!
You die...

.#.# .....#......###.#####
.... #.#...#....##.......
..... #.###...##.##.......
.#.#.##.##..####..........
..........................
........#####...###.......
.#.......# .....#.......>
......#?.##o..............
.........@oo).....#......#
........###.......#......#
......$.# .!... #####.##
........# ...? #.#
........# ... #. ....#####
## ## ....


You could see an orc warrior and 2 orcs.

Vanquished Creatures
  A scorpion (D:5)
  A jelly (D:5)
2 creatures vanquished.

Notes
Turn   | Place    | Note
-------+----------+-------------------------------------------
     0 | D:5      | qw the Gargoyle Delver began the quest for the Orb.
     0 | D:5      | Reached XP level 1. HP: 14/14 MP: 1/1
     0 | D:5      | 0 ||| qw: Version: 0.1-a-116-g5d60599
     0 | D:5      | 0 ||| qw: Game counter: 9106
     0 | D:5      | 0 ||| qw: Always use a shield: true
     0 | D:5      | 0 ||| qw: God list: Okawaru
     0 | D:5      | 0 ||| qw: Allow faded altars: false
     0 | D:5      | 0 ||| qw: Do Orc after D:15 true
     0 | D:5      | 0 ||| qw: Do second Lair branch before Depths: true
     0 | D:5      | 0 ||| qw: Lair rune preference: random
     0 | D:5      | 0 ||| qw: Plans: Normal
     0 | D:5      | 0 ||| PLANNING D:1-11
    16 | D:5      | Noticed a scorpion
    29 | D:5      | HP: 2/14 [scorpion (3)]
    30 | D:5      | Killed a scorpion
    31 | D:5      | Reached skill level 3 in Axes
    31 | D:5      | Reached XP level 2. HP: 3/19 MP: 2/2
    31 | D:5      | Reached XP level 3. HP: 3/23 MP: 3/3
   145 | D:5      | 145 ||| Stepping ~*~*~tactically~*~*~ (stealth).
   147 | D:5      | 147 ||| Stepping ~*~*~tactically~*~*~ (stealth).
   340 | D:5      | Reached XP level 4. HP: 11/28 MP: 4/4
   525 | D:5      | Noticed an orc warrior
   526 | D:5      | 526 ||| Stepping ~*~*~tactically~*~*~ (hiding).
   628 | D:5      | 628 ||| Stepping ~*~*~tactically~*~*~ (hiding).
   734 | D:5      | Slain by an orc warrior

Levels and vault maps discovered:
D:5:      layout_rooms, lemuel_coloured_pillars_altar, portal_sewer_entry_b

Skill      XL: |  1  2  3 |
---------------+----------+-----
Axes           | 3 4 |  4.2
Fighting       | |  3.2
Dodging        | |  1.5
Stealth        | |  5.4

Action                   |  1- 3 |  4- 6 || total
-------------------------+-------+-------++-------
Melee: Hand axe          |    17 |     3 ||    20
       Punch             |     1 |       ||     1
Armor: Leather armour    |     5 |       ||     5
Dodge: Dodged            |    10 |     3 ||    13

Table legend:
 A = Non-vault XP
 B = Vault XP
 C = Vault XP percentage of total XP
 D = Non-vault monster count
 E = Vault monster count
 F = Vault count percentage of total count
                 A         B        C        D         E       F
            +---------+---------+-------+---------+---------+-------
      Total |     125 |       0 |   0.0 |       2 |       0 |   0.0
            +---------+---------+-------+---------+---------+-------
        D:5 |     125 |       0 |   0.0 |       2 |       0 |   0.0
            +---------+---------+-------+---------+---------+-------
